 Dungeon Crawl Stone Soup version 0.17-a0-2069-g0f4ee5b (webtiles) character file.

3913 pk666 the Protected (level 10, -2/94 HPs)
             Began as a Minotaur Fighter on Oct 13, 2015.
             Was a Believer of Okawaru.
             Killed from afar by 4thArraOfDagon's ghost (19 damage)
             ... with a bolt of negative energy
             ... on level 9 of the Dungeon.
             The game lasted 00:21:05 (7847 turns).

pk666 the Protected (Minotaur Fighter)              Turns: 7847, Time: 00:21:05

Health: -2/94      AC:  9    Str: 24    XL:     10   Next: 1%
Magic:  9/9        EV: 10    Int:  1    God:    Okawaru [**....]
Gold:   619        SH:  9    Dex: 12    Spells: 0 memorised, 9 levels left

rFire  . . .     SeeInvis .     a - +0 war axe
rCold  . . .     Clarity  .     b - +0 scale mail
rNeg   . . .     SustAt   +     c - +0 shield
rPois  +         Gourm    .     (helmet restricted)
rElec  .         Spirit   .     y - +0 cloak
rCorr  .         Warding  .     (no gloves)
rMut   .         Stasis   .     (no boots)
MR     .....                    l - amulet "Xeefush" {Faith rPois Str+2 Int-4 Slay+5}
Stlth  ..........               s - ring of sustain attributes
                                v - +3 ring of evasion

@: heavily drained, not resistant to hostile enchantments, extremely unstealthy
A: retaliatory headbutt, horns 2
a: Heroism, Renounce Religion


You were on level 9 of the Dungeon.
You worshipped Okawaru.
Okawaru was pleased with you.
You were hungry.

You visited 2 branches of the dungeon, and saw 10 of its levels.

You collected 669 gold pieces.
You spent 50 gold pieces at shops.

Inventory:

Hand Weapons
 a - a +0 war axe (weapon)
Armour
 b - a +0 scale mail (worn)
 c - a +0 shield (worn)
 y - a +0 cloak (worn)
Jewellery
 l - the amulet "Xeefush" (around neck) {Faith rPois Str+2 Int-4 Slay+5}
   (You found it on level 4 of the Dungeon)

   [amulet of faith]

   It allows you to gain divine favour quickly.
   It affects your strength (+2).
   It affects your intelligence (-4).
   It affects your accuracy and damage with ranged weapons and melee attacks
   (+5).
   It protects you from poison.
 o - an uncursed ring of protection from magic
 s - a ring of sustain attributes (right hand)
 u - an uncursed ring of protection from magic
 v - a +3 ring of evasion (left hand)
 G - an uncursed amulet of clarity {unknown}
 N - an uncursed amulet of the gourmand {unknown}
 T - an uncursed ring of positive energy
Wands
 D - a wand of digging (8)
 P - a wand of flame (7)
Scrolls
 e - a scroll of fear {unknown}
 g - 8 scrolls of identify
 h - 4 scrolls of teleportation
 i - 10 scrolls of remove curse
 m - 3 scrolls of amnesia {unknown}
 n - 2 scrolls of immolation {unknown}
 q - a scroll of enchant armour {unknown}
 r - a scroll of magic mapping
 w - 2 scrolls of recharging {unknown}
 C - a scroll of fog {unknown}
 F - a scroll of blinking {unknown}
 O - 2 scrolls of random uselessness {unknown}
Potions
 d - 4 potions of might
 k - 3 potions of flight
 p - 3 potions of curing {unknown}
 B - 2 potions of heal wounds
 E - 2 potions of agility {unknown}
 H - a potion of beneficial mutation {unknown}
 I - a potion of poison {unknown}
 J - 2 potions of brilliance {unknown}
 K - a potion of experience {unknown}
 L - 5 potions of cancellation {unknown}
 R - 2 potions of berserk rage {unknown}
Books
 t - a book of Enchantments

   Spells                             Type                      Level
   a - Cause Fear                     Hexes                        4
   b - Silence                        Hexes/Air                    5
   c - Deflect Missiles               Charms/Air                   6
   d - Haste                          Charms                       6
   e - Discord                        Hexes                        8
 Q - a book of the Tempests

   Spells                             Type                      Level
   a - Static Discharge               Conjuration/Air              3
   b - Lightning Bolt                 Conjuration/Air              5
   c - Fireball                       Conjuration/Fire             5
   d - Tornado                        Air                          9
   e - Shatter                        Earth                        9
Comestibles
 f - 14 fruits
 j - 5 meat rations
 x - 5 bread rations
 z - 3 royal jellies
 A - a beef jerky
 M - a slice of pizza


   Skills:
 + Level 10.5(8.4) Fighting
 + Level 10.2(8.2) Axes
 + Level 10.5(8.4) Armour
 - Level 3.6(1.9) Shields


You had 9 spell levels left.
You didn't know any spells.

Dungeon Overview and Level Annotations

Branches:
Dungeon (9/15)             Temple (1/1) D:5
   Lair: D:8-11         Orc: D:9-12

Altars:
Ashenzari
Cheibriados
Dithmenos
Elyvilon
Fedhas
Gozag
Kikubaaqudgha
Makhleb
Nemelex Xobeh
Okawaru
Qazlal
Ru
Sif Muna
Trog
Vehumet
Xom
Yredelemnul
Zin
The Shining One
Lugonu

Shops:
D:4 !

Annotations:
D:9 4thArraOfDagon's ghost, novice DrAs


Innate Abilities, Weirdness & Mutations

You reflexively headbutt those who attack you in melee.
You have a pair of horns on your head.


Message History

* * * LOW HITPOINT WARNING * * *
You hit 4thArraOfDagon's ghost.
Your headbutt misses 4thArraOfDagon's ghost. 4thArraOfDagon's ghost is severely damaged. 4thArraOfDagon's ghost hits you but does no damage.
You closely miss 4thArraOfDagon's ghost. 4thArraOfDagon's ghost is severely damaged.
You block 4thArraOfDagon's ghost's attack.
You hit 4thArraOfDagon's ghost. 4thArraOfDagon's ghost is severely damaged.
You block 4thArraOfDagon's ghost's attack. 4thArraOfDagon's ghost closely misses you.
You miss 4thArraOfDagon's ghost.
Your headbutt misses 4thArraOfDagon's ghost. 4thArraOfDagon's ghost is severely damaged. 4thArraOfDagon's ghost hits you!
* * * LOW HITPOINT WARNING * * *
4thArraOfDagon's ghost breathes negative energy at you.
The bolt of negative energy hits you!
You feel drained.
You die...

# .# #####.#
###.....# ####+##
#.'.....#
.....%.##@#.....#
.......W..#.....#
.......####.....#
....... #.....#
.>.....
#.....####
.......
#........#
.......
#........#
.......
#........#
###'###
#........#


You could see 4thArraOfDagon's ghost.

Vanquished Creatures
  Pikel (D:6)
  Prince Ribbit (D:6)
  2 hungry ghosts
  A hippogriff (D:7)
  A water moccasin (D:8)
  The ghost of radek the Conjurer, an amateur DECj (D:4)
  A black bear (D:6)
  A sky beast (D:6)
  An ice beast (D:5)
  2 orc warriors
  A centaur (D:5)
  A phantom (D:8)
  An ogre (D:9)
  3 giant frogs
  Blork the orc (D:6)
  A big kobold (D:8)
  3 scorpions
  4 wights (D:8)
  A killer bee (D:7)
  6 crimson imps
  A giant frog skeleton (D:8)
  Crazy Yiuf (D:6)
  7 orc priests
  6 hounds
  7 orc wizards
  2 iguanas
  9 worker ants
  Robin (D:3)
  3 adders
  3 gnolls (D:7)
  A shadow imp (D:5)
  3 oozes
  An adder skeleton (D:8)
  3 worms
  The ghost of asdu the Magician, a weakling DEWz (D:3)
  9 giant geckos
  24 orcs
  9 bats
  3 giant cockroaches
  13 hobgoblins
  10 jackals
  13 kobolds
  A quokka (D:8)
  2 giant gecko skeletons
  A giant gecko zombie (D:5)
  4 giant newts
  18 goblins
  8 rats
198 creatures vanquished.

Vanquished Creatures (others)
  2 slaves (D:6)
  A giant frog (D:6)
  A centaur zombie (D:6)
  An adder skeleton (D:6)
5 creatures vanquished.

Grand Total: 203 creatures vanquished

Notes
Turn   | Place    | Note
--------------------------------------------------------------
     0 | D:1      | pk666 the Minotaur Fighter began the quest for the Orb.
     0 | D:1      | Reached XP level 1. HP: 19/19 MP: 0/0
   101 | D:1      | Reached XP level 2. HP: 27/27 MP: 1/1
   189 | D:1      | Reached skill level 4 in Armour
   741 | D:1      | Reached XP level 3. HP: 26/33 MP: 2/2
   836 | D:2      | Found a bloodstained altar of Trog.
  1038 | D:2      | Found a faded altar to an unknown god.
  1060 | D:2      | Found a stormy altar of Qazlal.
  1774 | D:3      | Reached XP level 4. HP: 38/40 MP: 3/3
  1862 | D:3      | Noticed asdu's ghost (weakling DEWz)
  1876 | D:3      | Killed asdu's ghost
  2091 | D:3      | Found a radiant altar of Vehumet.
  2093 | D:3      | Noticed Robin
  2121 | D:3      | Killed Robin
  2250 | D:3      | Reached skill level 5 in Armour
  2263 | D:3      | Found an ancient bone altar of Kikubaaqudgha.
  2510 | D:3      | Reached XP level 5. HP: 34/47 MP: 4/4
  2695 | D:3      | Found a blossoming altar of Fedhas.
  3113 | D:4      | Got a fine lead amulet
  3123 | D:4      | Identified the amulet "Xeefush" {Faith rPois Str+2 Int-4 Slay+5} (You found it on level 4 of the Dungeon)
  3169 | D:4      | Reached skill level 5 in Fighting
  3336 | D:4      | Reached skill level 5 in Axes
  3336 | D:4      | Reached XP level 6. HP: 53/56 MP: 5/5
  3369 | D:4      | Noticed radek's ghost (amateur DECj)
  3376 | D:4      | Killed radek's ghost
  3515 | D:4      | Found Unwaol's Distillery.
  3531 | D:4      | Bought a potion of heal wounds for 50 gold pieces
  3795 | D:5      | Entered Level 5 of the Dungeon
  3801 | D:5      | Reached skill level 6 in Armour
  3806 | D:5      | Reached XP level 7. HP: 56/63 MP: 6/6
  3860 | D:5      | Found a burning altar of Makhleb.
  4019 | D:5      | Found a staircase to the Ecumenical Temple.
  4032 | Temple   | Entered the Ecumenical Temple
  4529 | D:6      | Noticed Blork the orc
  4537 | D:6      | Killed Blork the orc
  4537 | D:6      | Reached skill level 7 in Fighting
  4579 | D:6      | Found a white marble altar of Elyvilon.
  4590 | D:6      | Noticed Pikel
  4597 | D:6      | Killed Pikel
  4597 | D:6      | Reached XP level 8. HP: 60/74 MP: 7/7
  4679 | D:6      | Reached skill level 8 in Fighting
  4800 | D:6      | Noticed Crazy Yiuf
  4802 | D:6      | Killed Crazy Yiuf
  5084 | D:6      | Noticed Prince Ribbit
  5090 | D:6      | Killed Prince Ribbit
  5090 | D:6      | Reached XP level 9. HP: 67/82 MP: 8/8
  5102 | D:6      | Reached skill level 9 in Fighting
  5770 | D:7      | Found an iron altar of Okawaru.
  5770 | D:7      | Found a burning altar of Makhleb.
  5779 | D:7      | Became a worshipper of Warmaster Okawaru
  5870 | D:7      | Found a snail-covered altar of Cheibriados.
  6092 | D:7      | Found a sparkling altar of Nemelex Xobeh.
  6092 | D:7      | Found a shimmering altar of Xom.
  6176 | D:7      | Found an iron altar of Okawaru.
  6570 | D:7      | Found an opulent altar of Gozag.
  6805 | D:8      | Reached * piety under Okawaru
  6805 | D:8      | Reached skill level 10 in Fighting
  6805 | D:8      | Reached skill level 10 in Armour
  7187 | D:8      | Reached skill level 10 in Axes
  7223 | D:8      | Found a shattered altar of Ashenzari.
  7449 | D:8      | Reached ** piety under Okawaru
  7830 | D:9      | Noticed 4thArraOfDagon's ghost (novice DrAs)
  7831 | D:9      | Reached XP level 10. HP: 94/94 MP: 9/9
  7847 | D:9      | Killed from afar by 4thArraOfDagon's ghost

Vault maps used:
D:1:      evilmike_arrival_run_for_it, serial_glass, glass_columns_a,
          glass_columns_b, feat_on_display, minmay_strange_pillars
D:2:      nicolae_qazlal_general_emergency, bloody_trog, ecumenical_altar_2
D:3:      old_standard_altar, lemuel_round_altar, lemuel_crystal_altar,
          uniq_robin
D:4:      serial_shops, nicolae_shop_statue_plus
D:5:      minmay_temple_entry_overgrown, first_bread, basic_altar
D:6:      elyvilon_altar_3, uniq_prince_ribbit1, uniq_pikel, uniq_blork_the_orc,
          uniq_crazy_yiuf_cottage
D:7:      cheibriados_altar_1, nicolae_gozag_cash_rules_everything_around_me,
          grunt_temple_overflow_open, gammafunk_temple_overflow_wave,
          okawaru_altar_gauntlet_db
D:8:      kennysheep_mini
D:9:      minmay_lair_entry_lava, hangedman_tell_no_tales, uniq_maurice
Temple:   corrupted_temple

Action                   |  1- 3 |  4- 6 |  7- 9 | 10-12 || total
-------------------------+-------+-------+-------+-------++-------
Melee: War axe           |   102 |   130 |   211 |    13 ||   456
  Use: Scroll            |     2 |     2 |       |       ||     4
  Eat: Chunk             |     3 |     6 |    13 |       ||    22
       Fruit             |       |       |     1 |       ||     1
